 Dungeon Crawl Stone Soup version 0.27.0-1-g7a089689b8 (webtiles) character file.

Game seed: 6139164287535509766

16 MajorAdolf the Poker (level 2, -3/25 HPs)
             Began as a Naga Wanderer on Aug 6, 2021.
             Killed from afar by Sigmund (11 damage)
             ... with a puff of flame
             ... on level 2 of the Dungeon.
             The game lasted 00:02:25 (1771 turns).

MajorAdolf the Poker (Naga Wanderer)                Turns: 1771, Time: 00:02:25

Health: -3/25      AC:  2    Str: 16    XL:     2   Next: 58%
Magic:  3/4        EV: 24    Int: 12    God:
Gold:   67         SH:  0    Dex:  8    Spells: 0/3 levels left

rFire    . . .     SeeInvis +   f - +4 dagger
rCold    . . .     Faith    .   (no shield)
rNeg     . . .     Spirit   .   c - +0 robe
rPois    +         Reflect  .   (no helmet)
rElec    .         Harm     .   g - +0 cloak
rCorr    .         Rampage  .   (no gloves)
Will     .....                  (no barding)
Stlth    +.........             a - amulet of the acrobat
HPRegen  0.08/turn              (no ring)
MPRegen  0.09/turn              (no ring)

@: confused, acrobatic, very slow
A: AC +0, large, see invisible, deformed body, poison resistance, slowness 2,
spit poison 1, naga tail 1
a: Spit Poison


You were on level 2 of the Dungeon.
You visited 1 branch of the dungeon, and saw 2 of its levels.

You collected 67 gold pieces.

Inventory:

Hand Weapons
 e - a +0 dagger
 f - a +4 dagger (weapon)
Armour
 c - a +0 robe (worn)
 g - a +0 cloak (worn)
Jewellery
 a - an amulet of the acrobat (around neck)
Scrolls
 d - a scroll of fog {unknown}
Potions
 b - 4 potions of curing
 h - a potion of degeneration {unknown}


   Skills:
 - Level 1.0 Fighting
 - Level 4.0 Polearms
 + Level 2.5 Stealth
 - Level 1.0 Shields
 + Level 1.4 Spellcasting
 + Level 1.1 Conjurations
 - Level 1.0 Fire Magic
 - Level 1.0 Earth Magic


You couldn't memorise any spells.
You knew the following spells:

 Your Spells              Type           Power      Damage    Failure   Level
a - Magic Dart            Conj           12%        1d3       19%         1
b - Call Imp              Summ           0%         N/A       41%         2

Your spell library contained the following spells:

 Spells                   Type           Power      Damage    Failure   Level
 Blink                    Tloc           N/A        N/A       41%         2
 Slow                     Hex            0%         N/A       41%         2
 Conjure Flame            Conj/Fire      3%         6-21      50%         3
 Mephitic Cloud           Conj/Pois/Air  1%         N/A       58%         3


Dungeon Overview and Level Annotations

Branches:
Dungeon (2/15)

Altars:

Annotations:
D:2 Sigmund


Innate Abilities, Weirdness & Mutations

Your serpentine skin is tough. (AC +0)
You have supernaturally acute eyesight. (SInv)
Armour fits poorly on your strangely shaped body.
Your system is resistant to poisons. (rPois)
You cover ground very slowly.
You can spit poison.
You have a snake-like lower body.


Message History

You finish putting on your +0 cloak.
Unknown command.
Found 7 boomerangs.
h - a murky cyan potion
Found a stone staircase leading down.
Sigmund the Dreaded comes into view.
He is wielding a +0 scythe.
Sigmund casts a spell at you. The magic dart hits you!
Found a scale mail.
Sigmund is nearby!
Unknown command.
Sigmund casts a spell at you. The puff of flame misses you.
Casting: Magic Dart (safe; 19% risk of failure)
Confirm with . or Enter, or press ? or * to list all spells.
Aiming: Magic Dart (safe; 19% risk of failure)
Press: ? - help, Shift-Dir - straight line, f - Sigmund
Aim: Sigmund, wielding a +0 scythe and wearing a +0 robe (100% to hit)
Okay, then.
Casting: Magic Dart (safe; 19% risk of failure)
Confirm with . or Enter, or press ? or * to list all spells.
The spell is quite dangerous to cast (41% risk of failure)!
Continue anyway?
Okay, then.
Casting: Call Imp (quite dangerous; 41% risk of failure)
Confirm with . or Enter, or press ? or * to list all spells.
The spell is quite dangerous to cast (41% risk of failure)!
Continue anyway?
You miscast Call Imp.
You are very lightly contaminated with residual magic.
Nothing appears to happen.
Unknown command.
Sigmund casts a spell at you. The magic dart hits you!
Your magical contamination has completely faded away.
Sigmund gestures wildly while chanting.
Sigmund flickers and vanishes for a moment.
Sigmund casts a spell at you.
You are confused.
Sigmund gestures at you while chanting. The puff of flame hits you!
You die...

#####
#.<.######
#.........
#...######
#...# ##.##
#..# #.##
####@##
#.....######
#(..........
#...........
#...........
####........
#........
#@.......
#........


You could see Sigmund (invisible).

Vanquished Creatures
  A dart slug (D:1)
  2 endoplasms (D:1)
  3 goblins (D:1)
  A hobgoblin (D:1)
  A quokka (D:1)
  A ball python (D:1)
  2 bats (D:1)
  2 kobolds (D:1)
  A rat (D:1)
14 creatures vanquished.

Notes
Turn   | Place    | Note
-------+----------+-------------------------------------------
     0 | D:1      | MajorAdolf the Naga Wanderer began the quest for the Orb.
     0 | D:1      | MajorAdolf set off with the following items: a +0 spear, a
                  | potion of curing, a +0 robe; and the following spell
                  | memorised: Magic Dart; and the following spells available
                  | to memorise: Blink, Call Imp, Slow, Conjure Flame, Mephitic
                  | Cloud
     0 | D:1      | Reached XP level 1. HP: 18/18 MP: 2/2
   632 | D:1      | Reached XP level 2. HP: 14/25 MP: 0/3
   833 | D:1      | Reached skill level 1 in Conjurations
  1565 | D:1      | Found a faded altar of an unknown god.
  1574 | D:1      | Learned a level 2 spell: Call Imp
  1581 | D:1      | Found Kyduung's Distillery.
  1759 | D:2      | Noticed Sigmund
  1771 | D:2      | Killed from afar by Sigmund

Illustrated notes

Levels and vault maps discovered:
D:1:      scummos_arrival_checkerplants, layout_loops_ring,
          shapermc_ecumenical_altar_mp_vishouse, serial_shops, shop
D:2:      layout_rooms, minmay_quadrilaterals, uniq_sigmund,
          uniq_crazy_yiuf_cottage, uniq_robin

Skill      XL: |  1  2 |
---------------+-------+-----
Stealth        | 2 |  2.5
Conjurations   | 1 |  1.1
Fighting       | |  1.0
Polearms       | |  4.0
Shields        | |  1.0
Spellcasting   | |  1.4
Fire Magic     | |  1.0
Earth Magic    | |  1.0

Action                   || total
-------------------------++-------
Melee: Dagger            ||    12
       Spear             ||     1
 Cast: Magic Dart        ||    26
 Abil: Spit Poison       ||     9
Armor: Robe              ||     3
Dodge: Dodged            ||    10
